 Dungeon Crawl Stone Soup version 0.30-a0-778-g2ef04afb54 (webtiles) character file.

Game seed: 11648255640631412785

6304 hikkokomori the Fighter (level 10, -3/93 HPs)
             Began as a Green Draconian Berserker on Feb 16, 2023.
             Was an Elder of Trog.
             Slain by a wyvern (5 damage)
             ... while petrified by a basilisk
             ... on level 9 of the Dungeon.
             The game lasted 00:14:45 (8836 turns).

hikkokomori the Fighter (Green Draconian Berserker) Turns: 8836, Time: 00:14:46

Health: -3/93      AC: 12    Str: 21    XL:     10   Next: 63%
Magic:  10/10      EV:  2    Int:  7    God:    Trog [****..]
Gold:   471        SH:  0    Dex: 14    Spells: 9/9 levels left

rFire   . . .      SeeInvis .    J - +4 hand axe (freeze)
rCold   . . .      Faith    .    n - +0 tower shield
rNeg    + + +      Spirit   .    (body armour unavailable)
rPois   ∞          Reflect  .    (helmet restricted)
rElec   .          Harm     .    C - +0 cloak
rCorr   +          Rampage  .    g - +0 pair of gloves
Will    .....                    G - +2 pair of boots
Stlth   +++                      (no amulet)
HPRegen 0.35/turn                f - ring of resist corrosion
MPRegen 0.12/turn                s - ring of flight

@: petrified, flying, studying Fighting
A: breathe noxious fumes, AC +7, unfitting armour, poison resistance,
cold-blooded
a: Breathe Noxious Fumes, Renounce Religion, Berserk, Trog's Hand, Brothers in
Arms


You were on level 9 of the Dungeon.
You worshipped Trog.
Trog was greatly pleased with you.
You visited 1 branch of the dungeon, and saw 9 of its levels.
You also visited: Ossuary.

You collected 471 gold pieces.

Inventory:

Hand Weapons
 a - a +0 hand axe
 e - a +0 war axe
 J - a +4 hand axe of freezing (weapon)
Missiles
 i - 2 atropa-tipped darts (quivered)
Armour
 b - a +0 pair of boots
 g - a +0 pair of gloves (worn)
 n - a +0 tower shield (worn)
 C - a +0 cloak (worn)
 G - a +2 pair of boots (worn)
Jewellery
 f - a ring of resist corrosion (left hand)
 s - a ring of flight (right hand)
 B - a ring of protection from cold
Wands
 j - a wand of roots (13)
 x - a wand of flame (19)
 y - a wand of digging (9)
 A - a wand of light (11)
Scrolls
 c - 8 scrolls of noise
 l - a scroll of fog
 p - a scroll of summoning {unknown}
 q - a scroll of blinking {unknown}
 r - 5 scrolls of immolation
 t - a scroll of amnesia
 v - 2 scrolls of teleportation
 w - 4 scrolls of fear
 F - a scroll of identify
 H - a scroll of poison {unknown}
Potions
 d - 7 potions of curing
 h - 6 potions of might
 k - a potion of invisibility {unknown}
 m - 2 potions of attraction
 o - a potion of cancellation
 u - a potion of flight {unknown}
 z - 2 potions of brilliance
 D - 6 potions of degeneration
 E - 4 potions of heal wounds
 I - 2 potions of mutation


   Skills:
 + Level 10.0 Fighting
 + Level 8.4 Axes
 + Level 7.6 Dodging
 + Level 5.4 Stealth
 + Level 7.1 Shields


You had 9 spell levels left.
You didn't know any spells.
Your spell library was empty.

Dungeon Overview and Level Annotations

Branches:
Dungeon (9/15)             Temple (0/1) D:4         Ossuary (visited)
   Lair: D:8-11         Orc: D:9-12

Altars:
Cheibriados
Dithmenos
Sif Muna

Shops:
D:5 :

Annotations:
D:2 1 runed translucent door, Crazy Yiuf
D:6 1 runed translucent door, osoart's ghost, novice TeSu


Innate Abilities, Weirdness & Mutations

You can breathe blasts of noxious fumes.
Your lurid green scales are hard. (AC +7)
You cannot fit into any form of body armour.
Your system is resistant to poisons. (rPois)
You are cold-blooded and may be slowed by cold attacks.


Message History

The wyvern closely misses you. You block the yak's attack.
The basilisk gazes at you.
You are slowing down.
Okay, then.
The wyvern barely misses you. x2; You block the wyvern's attack.
Your limbs are stiffening.
The basilisk attacks as you move away! The basilisk bites you.
The wyvern attacks as you move away! The wyvern bites you!
You block the wyvern's attack. The wyvern bites you!
The wyvern barely misses you.
You have turned to stone.
The wyvern bites you. The wyvern bites you! The wyvern barely misses you.
The basilisk is no longer moving slowly.
The wyvern bites you but does no damage.
The basilisk bites you!
* * * LOW HITPOINT WARNING * * *
The wyvern bites you but does no damage.
The wyvern completely misses you. The wyvern bites you!
* * * LOW HITPOINT WARNING * * *
The wyvern bites you!
* * * LOW HITPOINT WARNING * * *
The basilisk bites you!
* * * LOW HITPOINT WARNING * * *
The yak gores you!
* * * LOW HITPOINT WARNING * * *
The wyvern bites you but does no damage.
The wyvern bites you.
* * * LOW HITPOINT WARNING * * *
The basilisk bites you but does no damage.
The wyvern bites you!
* * * LOW HITPOINT WARNING * * *
The wyvern bites you.
* * * LOW HITPOINT WARNING * * *
The yak gores you.
The wyvern bites you but does no damage.
The wyvern barely misses you. The basilisk gazes at you.
The wyvern hisses menacingly.
The wyvern bites you!
You die...

.$..#.!...............#.
.....#([..####.........#.
...........# ###.#####.#.
......$....# ..........#.
P..P.......# #..........#.
P.....#....# #..........#.
..P........# #..........#.
P♣......lY.###............
......†Yl@..##..........##
..PP...Sl.#.##............
P.....†####.##............
.P..... #............###
......# ###..........#
..P.♣. #..........# ......
#...######## P.P.. #..>#
P. .. #...#


You could see 2 yaks, a basilisk, a water moccasin and 2 wyverns.

Vanquished Creatures
  Erolcha (D:9)
  Pikel (D:5)
  Grinder (D:5)
  A hornet (D:7)
  Prince Ribbit (D:6)
  Eustachio (D:5)
  A wyvern (D:7)
  A yak (D:9)
  A basilisk (D:9)
  A steam dragon (D:8)
  5 water moccasins
  2 black bears
  An ice beast (D:7)
  A sky beast (D:7)
  2 centaurs
  An ogre (D:5)
  3 lemures (D:5)
  2 kobold brigands (D:8)
  4 bullfrogs
  2 necrophages (D:6)
  3 scorpions
  10 wights
  9 killer bees
  A howler monkey (D:6)
  A centaur zombie (Ossuary)
  2 hounds (D:4)
  9 orc priests
  2 gnoll boudas
  A jelly (D:7)
  A human zombie (Ossuary)
  Ijyb (D:4)
  3 iguanas (D:5)
  9 orc wizards
  4 mummies (Ossuary)
  9 gnolls
  11 adders
  A shadow imp (D:8)
  2 white imps (D:6)
  2 dart slugs
  30 orcs
  8 bats
  10 endoplasms
  5 giant cockroaches
  A gnoll zombie (Ossuary)
  8 goblins
  6 hobgoblins
  2 jackals (D:5)
  4 quokkas
  11 ball pythons
  6 frilled lizards
  2 hobgoblin zombies (Ossuary)
  17 kobolds
  2 kobold zombies (Ossuary)
  An orc zombie (Ossuary)
  4 rats
231 creatures vanquished.

Vanquished Creatures (others)
  A bush (D:9)
  4 plants (D:9)
5 creatures vanquished.

Grand Total: 236 creatures vanquished

Notes
Turn   | Place    | Note
-------+----------+-------------------------------------------
     0 | D:1      | hikkokomori the Draconian Berserker began the quest for the
                  | Orb.
     0 | D:1      | Reached XP level 1. HP: 19/19 MP: 1/1
   146 | D:1      | Reached XP level 2. HP: 22/26 MP: 2/2
   736 | D:2      | Found a faded altar of an unknown god.
   842 | D:2      | Reached XP level 3. HP: 33/33 MP: 3/3
   907 | D:2      | Reached ** piety under Trog
  1061 | D:2      | Found a runed translucent door.
  1062 | D:2      | Noticed Crazy Yiuf
  1319 | D:2      | Reached skill level 4 in Fighting
  1754 | D:3      | Reached XP level 4. HP: 29/40 MP: 4/4
  2103 | D:3      | You fall into a shaft and drop 1 floor!
  2146 | D:4      | Found a staircase to the Ecumenical Temple.
  2162 | D:4      | Reached XP level 5. HP: 44/47 MP: 5/5
  2580 | D:3      | Reached *** piety under Trog
  2762 | D:3      | Found a shadowy altar of Dithmenos.
  2981 | D:4      | Noticed Ijyb
  2993 | D:4      | Reached skill level 1 in Shields
  2995 | D:4      | Killed Ijyb
  2996 | D:4      | Reached XP level 6. HP: 22/55 MP: 6/6
  2999 | D:4      | Reached skill level 5 in Fighting
  3304 | D:4      | Reached skill level 5 in Axes
  3358 | D:4      | Your scales start taking on a lurid green colour.
  3358 | D:4      | Reached XP level 7. HP: 60/61 MP: 7/7
  3358 | D:4      | Gained mutation: Your system is resistant to poisons.
                  | (rPois) [Green Draconian growth]
  3603 | D:5      | Entered Level 5 of the Dungeon
  3639 | D:5      | Noticed Pikel
  3662 | D:5      | Killed Pikel
  3663 | D:5      | Reached skill level 6 in Fighting
  3663 | D:5      | Reached skill level 5 in Dodging
  3663 | D:5      | Reached XP level 8. HP: 55/70 MP: 8/8
  3771 | D:5      | Found Gusmean's Tremendous Tomes.
  3796 | D:5      | Noticed Eustachio
  3837 | D:5      | Killed Eustachio
  4072 | D:5      | Noticed Grinder
  4085 | D:5      | Killed Grinder
  4086 | D:5      | Reached skill level 1 in Stealth
  4160 | D:5      | Reached skill level 7 in Fighting
  4171 | D:5      | Reached **** piety under Trog
  4643 | D:5      | Identified the +6 quarterstaff "Saxogeho" {protect, Str+3
                  | Int+3}
  4881 | D:6      | Found a runed translucent door.
  4882 | D:6      | Noticed osoart's ghost (novice TeSu)
  4945 | D:6      | Noticed Prince Ribbit
  4972 | D:6      | Killed Prince Ribbit
  4973 | D:6      | Reached skill level 5 in Shields
  4973 | D:6      | Reached XP level 9. HP: 71/79 MP: 9/9
  6202 | D:7      | Reached skill level 8 in Fighting
  6974 | D:8      | Found a shimmering blue altar of Sif Muna.
  7052 | D:8      | Identified the +4 short sword "Feliw" {speed, Contam rN+
                  | Str+3 Int+4}
  7127 | D:8      | Reached XP level 10. HP: 88/88 MP: 10/10
  7190 | D:8      | Found a sand-covered staircase.
  7198 | Ossuary  | Entered an ossuary
  7744 | D:8      | Reached ***** piety under Trog
  7886 | D:8      | Found a snail-covered altar of Cheibriados.
  8045 | D:8      | Reached skill level 9 in Fighting
  8355 | D:9      | Noticed Erolcha
  8384 | D:9      | Killed Erolcha
  8385 | D:9      | Reached skill level 5 in Stealth
  8828 | D:9      | Reached skill level 10 in Fighting
  8835 | D:9      | HP: 3/93 [wyvern (6)]
  8836 | D:9      | Slain by a wyvern

Illustrated notes

Levels and vault maps discovered:
D:1:      minmay_arrival_nine_rooms, layout_basic
D:2:      minmay_razor_zed, layout_basic, ebering_ecumenical_altar_box,
          uniq_crazy_yiuf_cottage
D:3:      layout_loops_ring, nicolae_dithmenos_through_a_glass_darkly,
          minmay_misc_feat_diagonals
D:4:      layout_basic, minmay_temple_entry_offerings, fountainhead,
          minmay_increasing_density, uniq_ijyb
D:5:      layout_rooms, nicolae_shop_i_like_big_books, minmay_misc_feat_roman,
          uniq_grinder, uniq_eustachio, uniq_pikel
D:6:      layout_loops_ring, ebering_ghost_inner_flame, minmay_misc_feat_cross,
          uniq_prince_ribbit1
D:7:      layout_basic, dk_noncrumbling_2, minmay_manual_moon
D:8:      layout_basic, amcnicky_altar_gilded, lemuel_crystal_altar,
          enter_ossuary_1
D:9:      layout_basic, minmay_lair_entry_grove, minivault_27, uniq_erolcha

Skill      XL: |  1  2  3  4  5  6  7  8  9 10 |
---------------+-------------------------------+-----
Dodging        | 3 4 5 6 7 |  7.6
Fighting       | 4 5 6 7 8 10 | 10.0
Axes           | 4 5 6 7 8 |  8.4
Shields        | 1 2 3 5 6 7 |  7.1
Stealth        | 2 4 5 |  5.4

Action                     |  1- 3 |  4- 6 |  7- 9 | 10-12 || total
---------------------------+-------+-------+-------+-------++-------
  Melee: Hand axe          |   128 |    20 |       |   123 ||   271
         Tailslap          |    12 |    12 |    31 |    28 ||    83
         Punch             |     3 |       |       |       ||     3
         War axe           |       |   100 |   276 |    51 ||   427
 Invoke: Trog's Hand       |     1 |       |     1 |     1 ||     3
         Berserk           |       |     1 |     6 |     2 ||     9
Ability: Breathe Noxious F |       |       |     6 |       ||     6
  Evoke: Wand              |       |       |       |     1 ||     1
    Use: Scroll            |     7 |       |     7 |     1 ||    15
         Potion            |       |     2 |       |       ||     2
   Stab: Sleeping          |       |     2 |     4 |       ||     6
         Confused          |       |       |     2 |       ||     2
 Armour: Skin              |    48 |    76 |    89 |    71 ||   284
  Dodge: Dodged            |    92 |    88 |   132 |   101 ||   413
  Block: Tower shield      |       |    60 |   243 |   177 ||   480

Table legend: (Time is in decaauts)
 A = Elapsed time spent in this place.
 B = Non-inter-level travel time spent in this place.
 C = Inter-level travel time spent in this place.
 D = Time resting spent in this place.
 E = Time spent auto-exploring this place.
 F = Levels seen in this place.
 G = Mean time per level.
                   A        B        C        D        E       F      G
               +--------+--------+--------+--------+--------+-----+--------+
         Total |   9201 |   8924 |    277 |    220 |   6628 |  10 |  920.1 |
       Dungeon |   8938 |   8661 |    277 |    220 |   6539 |   9 |  993.1 |
       Ossuary |    262 |    262 |      0 |      0 |     89 |   1 |  262.0 |
               +--------+--------+--------+--------+--------+-----+--------+

Top non-repeatable levels by time:
     D:5: 1270 daAuts
     D:4: 1227 daAuts
     D:8: 1131 daAuts
     D:6: 1127 daAuts
     D:7: 1112 daAuts
     D:2: 1064 daAuts
     D:3: 759 daAuts
     D:1: 661 daAuts
     D:9: 585 daAuts
 Ossuary: 262 daAuts
